cohdb
Replays
Latest Replays
All Replays
Popular Replays
Top Player Replays
Match Explorer
How It Works
Community
CoH3 Stats
Reddit
Sign in to upload your games and track your stats! →
Sign in with Steam
Match 45286108
Unlisted
Match 45286108
Overview
Messages
Build Orders
End
Royal Engineer Section
Vickers Machine Gun Team
Construct Section Command Post
Infantry Section
Infantry Section
Selects Indian Artillery Battlegroup
Selects War Cry
Selects Gurkha Rifles Section
Gurkha Rifles Section
Construct Field Infirmary
Construct Platoon Command Post
Infantry Training
Gurkha Rifles Section
Construct Company Command Post
Selects Volunteer Infantry
Crusader II Medium Tank
Crusader II Medium Tank
Selects Artillery Saturation
Unlock M3 Grant Medium Tanks
M3 Grant Medium Tank
M3 Grant Medium Tank
Gurkha Rifles Section
War Cry
Royal Engineer Section
Selects Off-map Airburst Barrage
Selects Perimeter Monitor
War Cry
M3 Grant Medium Tank
Off-map Airburst Barrage
Armored Vehicle Training
RitraXP
Ranger
Chaotic
CHINA津门虎
Long Gully Library
Yoshiii
Jiggy
元首再相信我一次
0
0
Comments
sign in to comment!
No comments posted yet!